 Dungeon Crawl Stone Soup version 0.30-a0-390-g80c34de65d (webtiles) character file.

Game seed: 16430131641656102795

2646 gelatine the Stinger (level 9, -7/53 HPs)
             Began as an Octopode Venom Mage on Dec 4, 2022.
             Was a Believer of Vehumet.
             Engulfed by a steam dragon's steam (12 damage)
             ... on level 8 of the Dungeon on Dec 5, 2022.
             The game lasted 00:35:01 (9058 turns).

gelatine the Stinger (Octopode Venom Mage)          Turns: 9058, Time: 00:35:01

Health: -7/53      AC:  5    Str: 16    XL:     9   Next: 62%
Magic:  17/17      EV: 14    Int: 19    God:    Vehumet [**....]
Gold:   387        SH:  0    Dex: 10    Spells: 3/19 levels left

rFire   . . .      SeeInvis .    p - staff of poison
rCold   . . .      Faith    .    (no shield)
rNeg    . . .      Spirit   .    (helmet restricted)
rPois   +          Reflect  .    (no amulet)
rElec   .          Harm     .    k - ring of flight
rCorr   .          Rampage  .    b - +4 ring of protection
Will    +....      Clarity  +    (no ring)
Stlth   +++.......               (no ring)
HPRegen 0.28/turn                (no ring)
MPRegen 0.15/turn                (no ring)
                                 (no ring)
                                 (no ring)

@: flying
A: almost no armour, amphibious, 8 rings, camouflage 1, gelatinous body 1,
(nimble swimmer 1), tentacles, clarity, strong-willed 1, strong 2
a: Renounce Religion


You were on level 8 of the Dungeon.
You worshipped Vehumet.
Vehumet was pleased with you.
You visited 2 branches of the dungeon, and saw 9 of its levels.

You collected 387 gold pieces.

Inventory:

Hand Weapons
 r - a +2 short sword of draining
 B - a +3 dagger
 C - a +4 great sword
Missiles
 m - 12 javelins
 x - 6 boomerangs
Magical Staves
 p - a staff of poison (weapon)
 t - a staff of conjuration
Jewellery
 b - a +4 ring of protection (right tentacle)
 k - a ring of flight (left tentacle)
Wands
 v - a wand of flame (16)
 w - a wand of iceblast (5)
 y - a wand of polymorph (12)
 A - a wand of paralysis (7)
Scrolls
 d - a scroll of magic mapping
 e - 2 scrolls of amnesia
 f - 2 scrolls of enchant armour
 i - 2 scrolls of enchant weapon
 j - 3 scrolls of teleportation
 l - a scroll of fog {unknown}
 q - a scroll of noise {unknown}
 s - a scroll of fear {unknown}
Potions
 a - a potion of magic
 c - 2 potions of curing
 g - 2 potions of might {unknown}
 h - a potion of brilliance
 n - 2 potions of mutation
 o - a potion of heal wounds {unknown}
 u - a potion of berserk rage {unknown}
 z - a potion of attraction {unknown}


   Skills:
 + Level 1.2 Fighting
 + Level 3.0 Staves
 * Level 5.3 Dodging
 + Level 4.2 Stealth
 * Level 3.8 Unarmed Combat
 + Level 5.6 Spellcasting
 + Level 0.3 Conjurations
 + Level 0.4 Summonings
 + Level 3.6 Transmutations
 + Level 2.1 Air Magic
 + Level 7.1 Poison Magic
 * Level 4.7 Evocations


You had 3 spell levels left.
You knew the following spells:

 Your Spells              Type           Power      Damage    Failure   Level
a - Sting                 Tmut/Pois      100%       1d8       1%          1
b - Poisonous Vapours     Pois/Air       68%        N/A       2%          2
c - Mephitic Cloud        Conj/Pois/Air  26%        N/A       10%         3
d - Olgreb's Toxic Radia  Pois           49%        N/A       6%          4
e - Ignite Poison         Fire/Tmut/Pois 28%        N/A       8%          3
f - Call Canine Familiar  Summ           6%         N/A       30%         3

Your spell library contained the following spells:

 Spells                   Type           Power      Damage    Failure   Level
 Frozen Ramparts          Ice            10%        1d2       34%         3
 Ensorcelled Hibernation  Hex/Ice        10%        N/A       19%         2
 Confusing Touch          Hex            5%         N/A       34%         3
 Portal Projectile        Hex/Tloc       10%        N/A       34%         3
 Blade Hands              Tmut           9%         N/A       58%         5
 Cause Fear               Hex            2%         N/A       75%         4
 Leda's Liquefaction      Hex/Erth       2%         N/A       75%         4
 Irradiate                Conj/Tmut      6%         3d13      82%         5
 Dragon Form              Tmut           9%         N/A       100%        7


Dungeon Overview and Level Annotations

Branches:
Dungeon (8/15)             Temple (1/1) D:7
   Lair: D:8-11

Altars:
Ashenzari
Cheibriados
Dithmenos
Elyvilon
Gozag
Hepliaklqana
Kikubaaqudgha
Makhleb
Okawaru
Qazlal
Sif Muna
Trog
Uskayaw
Vehumet
Wu Jian
Xom
Yredelemnul
Zin

Shops:
D:1 =   D:7 =


Innate Abilities, Weirdness & Mutations

You cannot wear most types of armour.
You are amphibious.
You can wear up to eight rings at the same time.
Your skin changes colour to match your surroundings (Stealth+).
Your rubbery body absorbs attacks. (AC +1, EV +1)
((You are camouflaged when in or above water. (Stealth+)))
You have tentacles for arms and can constrict up to eight enemies at once.
You possess an exceptional clarity of mind.
You are strong-willed. (Will+)
Your muscles are very strong. (Str +8, Int/Dex -2)


Message History

The killer bee stings you! The killer bee stings you.
The killer bee stings you but does no damage.
You closely miss the killer bee. Your grab misses the killer bee.
The killer bee is almost dead.
You kill the killer bee!
Vehumet accepts your kill.
You feel your power returning.
Your toxic aura wanes.
You kill the killer bee!
Vehumet accepts your kill.
Vehumet offers you knowledge of Frozen Ramparts.
You feel your power returning.
You see here a killer bee corpse.
You hit the steam dragon but do no damage.
The steam dragon is heavily wounded.
The steam dragon bites you but does no damage.
The steam dragon closely misses you.
You barely miss the steam dragon.
You squeeze the steam dragon, but do no damage.
The steam dragon is heavily wounded.
The steam dragon breathes steam at you. The ball of steam hits you!
You hit the steam dragon but do no damage.
The steam dragon is severely wounded.
You are engulfed in a cloud of scalding steam.
* * * LOW HITPOINT WARNING * * *
The steam dragon closely misses you. The steam dragon barely misses you.
The steam dragon attacks as you move away!
The steam dragon bites you.
* * * LOW HITPOINT WARNING * * *
The steam dragon claws you.
* * * LOW HITPOINT WARNING * * *
You barely miss the steam dragon. You squeeze the steam dragon.
The steam dragon is severely wounded.
The steam dragon breathes steam at you. The ball of steam misses you.
You hit the steam dragon but do no damage.
The steam dragon is almost dead.
You are engulfed in a cloud of scalding steam.
You die...

... ..# .?. #.# #.# #.####.#
#......# ##D########
#@§†......########
####.#######.#....... #....#
#.#.#####. #....# #.#.### #.
#....# #.....# #. ##### #....#
#.#.#.# #. #...#######....#
#.#.#.###.
#..............#######.#...†...
#...########.#....†....###.####


You could see a steam dragon (very poisoned, catching breath).

Vanquished Creatures
  Maggie (D:8)
  A water moccasin (D:7)
  A hornet zombie (D:6)
  2 black bears
  An ice beast (D:5)
  A phantom (D:6)
  Blork the orc (D:5)
  A necrophage (D:5)
  3 bullfrogs
  2 scorpions
  4 wights (D:8)
  5 killer bees (D:8)
  4 bullfrog zombies (D:6)
  A hound (D:4)
  2 jellies
  4 orc priests
  7 iguanas
  6 orc wizards
  A nameless horror (D:8)
  A hound skeleton (D:5)
  A howler monkey zombie (D:6)
  9 adders
  A shadow imp (D:5)
  3 white imps
  3 ufetubi
  3 dart slugs
  24 orcs
  7 ball pythons
  6 bats
  3 endoplasms
  5 giant cockroaches
  8 goblins
  10 hobgoblins
  6 jackals
  9 kobolds
  5 quokkas
  5 frilled lizards
  4 rats
  A butterfly (D:6)
162 creatures vanquished.

Notes
Turn   | Place    | Note
-------+----------+-------------------------------------------
     0 | D:1      | gelatine the Octopode Venom Mage began the quest for the
                  | Orb.
     0 | D:1      | Reached XP level 1. HP: 11/11 MP: 3/3
   150 | D:1      | Reached skill level 4 in Poison Magic
   235 | D:1      | Reached XP level 2. HP: 17/17 MP: 1/5
   316 | D:1      | Learned a level 2 spell: Poisonous Vapours
   990 | D:1      | Reached XP level 3. HP: 20/21 MP: 2/6
  1298 | D:1      | Found Lairunn's Jewellery Shoppe.
  1661 | D:2      | Found a faded altar of an unknown god.
  2410 | D:2      | Reached XP level 4. HP: 25/27 MP: 3/7
  2558 | D:3      | Learned a level 3 spell: Mephitic Cloud
  2690 | D:3      | Found a hazy altar of Hepliaklqana.
  3485 | D:3      | Found a radiant altar of Vehumet.
  3497 | D:3      | Became a worshipper of Vehumet
  3504 | D:3      | Reached skill level 5 in Poison Magic
  3504 | D:3      | Reached XP level 5. HP: 29/31 MP: 5/9
  3712 | D:4      | Found a shimmering blue altar of Sif Muna.
  3952 | D:4      | Reached skill level 1 in Evocations
  3995 | D:4      | Gained mutation: Your magical capacity is low. (-10% MP)
                  | [potion of mutation]
  3995 | D:4      | Gained mutation: Your spells are a little harder to cast,
                  | but a little more powerful. [potion of mutation]
  3995 | D:4      | Gained mutation: You expend magic power (3 MP) to
                  | strengthen your wands. [potion of mutation]
  3995 | D:4      | Gained mutation: Your muscles are strong. (Str +4, Int/Dex
                  | -1) [potion of mutation]
  4095 | D:4      | Reached skill level 1 in Unarmed Combat
  4095 | D:4      | Reached XP level 6. HP: 36/36 MP: 6/9
  4130 | D:4      | Learned a level 4 spell: Olgreb's Toxic Radiance
  4179 | D:4      | Reached * piety under Vehumet
  4179 | D:4      | Offered knowledge of Kiss of Death by Vehumet.
  4637 | D:4      | Identified a scroll of acquirement
  4638 | D:4      | Acquired a +4 ring of protection
  4667 | D:5      | Entered Level 5 of the Dungeon
  4667 | D:5      | Noticed a black bear
  4703 | D:4      | Killed a black bear
  4704 | D:4      | Reached XP level 7. HP: 41/42 MP: 1/10
  5096 | D:5      | Found a burning altar of Makhleb.
  5104 | D:5      | Reached skill level 1 in Air Magic
  5152 | D:5      | Reached skill level 6 in Poison Magic
  5450 | D:5      | Reached skill level 1 in Staves
  5661 | D:5      | Found a broken altar of Ashenzari.
  5780 | D:5      | Reached XP level 8. HP: 47/47 MP: 4/12
  5961 | D:5      | Found a bloodstained altar of Trog.
  6288 | D:5      | Noticed Blork the orc
  6298 | D:5      | Killed Blork the orc
  6578 | D:5      | Found a faded altar of an unknown god.
  6578 | D:5      | Found a faded altar of an unknown god.
  6586 | D:5      | Found an opulent altar of Gozag.
  6605 | D:5      | Found a hide-covered altar of Uskayaw.
  6607 | D:5      | Lost mutation: Your magical capacity is low. (-10% MP)
                  | [potion of mutation]
  6607 | D:5      | Lost mutation: You expend magic power (3 MP) to strengthen
                  | your wands. [potion of mutation]
  6607 | D:5      | Lost mutation: Your spells are a little harder to cast, but
                  | a little more powerful. [potion of mutation]
  6607 | D:5      | Gained mutation: You are strong-willed. (Will+) [potion of
                  | mutation]
  6607 | D:5      | Gained mutation: You possess an exceptional clarity of
                  | mind. [potion of mutation]
  6607 | D:5      | Gained mutation: Your muscles are very strong. (Str +8,
                  | Int/Dex -2) [potion of mutation]
  6622 | D:5      | Found a shadowy altar of Dithmenos.
  6756 | D:5      | Identified the +0 leather armour of Shadows and Fog {Will+}
  7447 | D:6      | Found a shimmering altar of Xom.
  7494 | D:6      | Got the Vademecum on Vitriolic Guile
  7499 | D:6      | Learned a level 3 spell: Ignite Poison
  7680 | D:6      | Found a basalt altar of Yredelemnul.
  7704 | D:6      | Offered knowledge of Freeze by Vehumet.
  7860 | D:7      | Reached skill level 1 in Fighting
  7860 | D:7      | Reached skill level 5 in Spellcasting
  7860 | D:7      | Reached XP level 9. HP: 53/53 MP: 8/16
  7945 | D:7      | Reached ** piety under Vehumet
  8059 | D:7      | Found Zuir's Jewellery Shoppe.
  8082 | D:7      | Reached skill level 7 in Poison Magic
  8213 | D:7      | Found a staircase to the Ecumenical Temple.
  8219 | Temple   | Entered the Ecumenical Temple
  8650 | D:8      | Learned a level 3 spell: Call Canine Familiar
  8682 | D:8      | Reached skill level 5 in Dodging
  8854 | D:8      | Noticed Maggie
  8863 | D:8      | Killed Maggie
  9051 | D:8      | Offered knowledge of Frozen Ramparts by Vehumet.
  9058 | D:8      | Engulfed by a steam dragon's steam

Illustrated notes

Levels and vault maps discovered:
D:1:      dpeg_arrival_morbid_curiosity, layout_loops_corners, serial_shops,
          shop, kennysheep_another_room
D:2:      layout_basic, shapermc_ecumenical_altar_starsandcircs
D:3:      minmay_angry_zag, layout_basic, nicolae_vehumet_radiance,
          overflow_temple_1_default
D:4:      wad_crossroads, layout_rooms, mainiacjoe_overflow_boulevard,
          minmay_box_of_dots
D:5:      layout_basic, makhleb_blood_cavern_becter,
          mainiacjoe_overflow_six_doors_small,
          chequers_temple_overflow_minitemple, lemuel_coloured_pillars_altar,
          uniq_blork_the_orc
D:6:      layout_rooms, xom_butterflies, nicolae_yredelemnul_corpse_copse,
          chequers_arboretum, dk_noncrumbling_4,
          hangedman_abyss_or_decor_jellyfish_corner
D:7:      layout_gridville, temple_fountains, serial_shops,
          nicolae_shop_statue_plus
D:8:      layout_loops_corners, amcnicky_altar_gilded, kennysheep_mini_moat,
          serial_shops, shop, uniq_maggie
Temple:   nicolae_temple_bog_church

Skill      XL: |  1  2  3  4  5  6  7  8  9 |
---------------+----------------------------+-----
Poison Magic   | 4 5 6 7 |  7.1
Stealth        | 3 4 |  4.2
Transmutations | 2 3 |  3.6
Evocations     | 1 2 3 4 |  4.7
Unarmed Combat | 1 2 3 |  3.8
Spellcasting   | 3 5 |  5.6
Dodging        | 3 4 5 |  5.3
Air Magic      | 1 2 |  2.1
Staves         | 1 2 3 |  3.0
Fighting       | 1 |  1.2
Conjurations   | |  0.3
Summonings     | |  0.4

Action                   |  1- 3 |  4- 6 |  7- 9 || total
-------------------------+-------+-------+-------++-------
Melee: Unarmed           |    12 |       |       ||    12
       Constrict         |     4 |    17 |    27 ||    48
       Tentacles         |     2 |    14 |    48 ||    64
       Whip              |     1 |       |       ||     1
       Staff             |       |    69 |   184 ||   253
       Punch             |       |       |     6 ||     6
 Cast: Sting             |    67 |    62 |    35 ||   164
       Poisonous Vapours |       |    12 |    26 ||    38
       Mephitic Cloud    |       |     3 |     4 ||     7
       Olgreb's Toxic Ra |       |     2 |    11 ||    13
       Call Canine Famil |       |       |     2 ||     2
  Use: Potion            |       |     7 |     1 ||     8
       Scroll            |       |     4 |     3 ||     7
 Stab: Sleeping          |       |     1 |     6 ||     7
Armor: Skin              |     5 |    10 |    40 ||    55
Dodge: Dodged            |    23 |    79 |   136 ||   238

Table legend: (Time is in decaauts)
 A = Elapsed time spent in this place.
 B = Non-inter-level travel time spent in this place.
 C = Inter-level travel time spent in this place.
 D = Time resting spent in this place.
 E = Time spent auto-exploring this place.
 F = Levels seen in this place.
 G = Mean time per level.
                   A        B        C        D        E       F      G
               +--------+--------+--------+--------+--------+-----+--------+
         Total |   9088 |   8872 |    216 |     23 |   7472 |   9 | 1009.8 |
       Dungeon |   8952 |   8736 |    216 |     23 |   7349 |   8 | 1119.0 |
        Temple |    135 |    135 |      0 |      0 |    123 |   1 |  135.0 |
               +--------+--------+--------+--------+--------+-----+--------+

Top non-repeatable levels by time:
     D:5: 2190 daAuts
     D:1: 1566 daAuts
     D:3: 1118 daAuts
     D:4: 1063 daAuts
     D:2: 985 daAuts
     D:6: 912 daAuts
     D:7: 688 daAuts
     D:8: 427 daAuts
  Temple: 135 daAuts
